 Dungeon Crawl Stone Soup version 0.13-a0-2816-gd8154f0 (webtiles) character file.

528618 JacquesDerrida the Fetichist (level 27, -6/145 (154) HPs)
             Began as a Kobold Enchanter on Aug 20, 2013.
             Was the Champion of Nemelex Xobeh.
             Killed from afar by an ancient champion (46 damage)
             ... with an orb of energy
             ... on Level 4 of the Crypt on Aug 26, 2013.
             The game lasted 08:40:29 (100583 turns).

JacquesDerrida the Fetichist (Kobold Enchanter)   Turns: 100583, Time: 08:40:29

HP  -6/145 (154) AC 21     Str 14      XL: 27
MP  35/42        EV 28     Int 22      God: Nemelex Xobeh [******]
Gold 3473        SH 16     Dex 17      Spells: 11 memorised, 14 levels left

Res.Fire  : . . .   See Invis. : +   I - +3,+4 quick blade (flame)
Res.Cold  : + + .   Warding    : .   B - +6 mottled dragon armour
Life Prot.: + + .   Conserve   : .   u - +2 elf buckler {rN+}
Res.Poison: .       Res.Corr.  : .   E - +0 mask of the Dragon {MR+ Acc+3 Dam+3 SIn Res.Elec. : . Clarity : . A - +2 cloak {rC+}
Sust.Abil.: . .     Spirit.Shd : .   Y - +0 pair of gauntlets
Res.Mut.  : .       Stasis     : .   f - +0 pair of dwarf boots
Res.Rott. : .       Flight     : .   N - amulet of Akookutz {Gourm rC+ rN+}
Gourmand  : +                        M - +6,+5 ring of slaying
                                     W - ring of Criodd {Str+2 Int+2 Dam+5}

@: very slightly contaminated, extremely resistant to hostile enchantments,
extraordinarily stealthy
A: disease resistance, carnivore 3, saprovore 2
a: Draw One, Peek at Two, Triple Draw, Deal Four, Stack Five, Renounce Religion
}: 2/15 runes: decaying, silver


You were on level 4 of the Crypt.
You worshipped Nemelex Xobeh.
Nemelex Xobeh was exalted by your worship.
You were not hungry.

You visited 10 branches of the dungeon, and saw 59 of its levels.
You visited the Abyss 1 time.
You visited 1 bazaar.
You also visited: Labyrinth, Trove, Bailey, Ice Cave, Volcano and Wizlab.

You collected 7160 gold pieces.
You spent 3705 gold pieces at shops.

Inventory:

Hand weapons
 I - a +3,+4 quick blade of flaming (weapon)
Armour
 d - the cursed -4 robe "Schihy" {rN+ Dex+4 Acc+4, unknown}
   (You found it in a wizard's laboratory)

   It affects your dexterity (+4).
   It affects your accuracy (+4).
   It protects you from negative energy.
   It has a curse placed upon it.
 f - a +0 pair of dwarven boots (worn)
 p - a +0 pair of bracers of archery
 u - a +2 elven buckler of positive energy (worn)
 A - a +2 cloak of cold resistance (worn)
 B - a +6 mottled dragon armour (worn)
 E - the +0 mask of the Dragon (worn) {MR+ Acc+3 Dam+3 SInv}
   (You found it on level 2 of the Vaults)

   It affects your accuracy (+3).
   It affects your damage-dealing abilities (+3).
   It affects your resistance to hostile enchantments.
   It enhances your eyesight.
 Y - a +0 pair of gauntlets (worn)
Magical devices
 m - a wand of fire (14)
 v - a wand of digging (15)
 D - a wand of teleportation (6)
 F - a wand of disintegration (8)
Comestibles
 w - 3 meat rations
Scrolls
 c - 3 scrolls of fog
 e - 5 scrolls of remove curse
 l - a scroll of vulnerability
 t - 5 scrolls of identify
 H - 4 scrolls of magic mapping
Jewellery
 b - an uncursed ring of poison resistance
 o - an uncursed amulet of clarity
 x - an uncursed amulet of resist corrosion
 M - a +6,+5 ring of slaying (right hand)
 N - the amulet of Akookutz (around neck) {Gourm rC+ rN+}
   (You found it on level 4 of the Lair of Beasts)

   [amulet of the gourmand]

   It protects you from cold.
   It protects you from negative energy.
 O - an uncursed amulet of resist mutation
 W - the ring of Criodd (left hand) {Str+2 Int+2 Dam+5}
   (You bought it in a shop on level 1 of the Vaults)

   [ring of slaying]

   It affects your damage-dealing abilities (+5).
   It affects your strength (+2).
   It affects your intelligence (+2).
Potions
 a - 2 potions of might
 j - 2 potions of restore abilities
 k - 3 potions of curing
 n - a potion of magic
 q - a potion of resistance
 z - a potion of blood
 J - 3 potions of agility
 X - a potion of heal wounds
Miscellaneous
 g - a legendary deck of destruction {drawn: 6}
 h - a legendary deck of destruction {drawn: 1}
 i - an ornate deck of escape
 r - a legendary deck of destruction {drawn: 1}
 s - a legendary deck of escape {Warpwright}
 K - a fan of gales
 L - a legendary deck of destruction {Frost, drawn: 1}
 P - a lamp of fire
 R - a lamp of fire
 S - a phial of floods
 V - a lamp of fire


   Skills:
 + Level 11.2 Fighting
 - Level 13.2 Short Blades
   Level 1.4 Long Blades
   Level 0.6 Axes
   Level 13.0 Maces & Flails
   Level 0.2 Polearms
 - Level 11.0 Throwing
 - Level 11.9 Armour
 - Level 17.8 Dodging
 - Level 18.0 Stealth
 - Level 6.3 Shields
 - Level 14.0 Spellcasting
 - Level 13.5 Hexes
 - Level 12.1 Charms
   Level 4.1 Necromancy
 - Level 4.0 Translocations
   Level 0.8 Transmutations
 - Level 8.8 Air Magic
 - Level 20.1 Evocations


You had 14 spell levels left.
You knew the following spells:

 Your Spells              Type           Power        Failure   Level  Hunger
a - Control Teleport      Chrm/Tloc      ######....   1%          4    None
b - Ensorcelled Hibernat  Hex/Ice        #####.       1%          2    None
c - Confuse               Hex            ######..     1%          3    None
d - Blink                 Tloc           N/A          1%          2    None
e - Invisibility          Hex            ######..     2%          6    #####..
f - Silence               Hex/Air        ######....   1%          5    ##.....
g - Flight                Chrm/Air       ######....   1%          3    None
h - Swiftness             Chrm/Air       ######....   1%          2    None
i - Haste                 Chrm           ######..     4%          6    #####..
j - Apportation           Tloc           ####......   1%          1    None
k - Deflect Missiles      Chrm/Air       ######....   12%         6    #####..


Dungeon Overview and Level Annotations

Branches:
Dungeon (27/27)            Temple (1/1) D:4             Orc (4/4) D:6
    Elf (3/3) Orc:3          Lair (8/8) D:11          Swamp (5/5) Lair:6
  Snake (1/5) Lair:5        Slime (0/6) Lair:8       Vaults (5/5) D:17
  Blade (1/1) Vaults:4      Crypt (4/5)
   Tomb: Crypt:2-3      Zot: D:27

Altars:
Ashenzari
Cheibriados
Elyvilon
Fedhas
Kikubaaqudgha
Makhleb
Nemelex Xobeh
Okawaru
Sif Muna
Trog
Vehumet
Xom
Yredelemnul
Zin
the Shining One
Beogh
Jiyva
Lugonu

Shops:
D:9 +   D:12 *!   D:27 !   Orc:4 =([*   Elf:1 ?   Elf:2 (   Elf:3 (
Vaults:1 =   Vaults:5 ??!

Portals:
Hell: D:21 D:22 D:23 D:24 D:25 D:26 D:27
Abyss: D:21 D:24 D:25
Pandemonium: D:24 D:27
Ziggurat: D:26 (6330 gp)

Annotations:
Swamp:4 exclusion: Roxanne, Roxanne Blade Sojobo


Innate Abilities, Weirdness & Mutations

You recuperate from illness quickly.
You are small and have problems with some larger weapons.
You are carnivorous and can eat meat at any time.
You can eat rotten meat.


Message History

* * * LOW HITPOINT WARNING * * *
You enter the shallow water.
Moving in this stuff is going to be slow.
Read which item? (? for menu, Esc to quit)
Okay, then.
Drink which item? (? for menu, Esc to quit)
You feel much better.
The ancient champion splashes around in the water.
Use which ability? (? or * to list) Draw from which deck? (? for menu, Esc to quit)
You draw a card...
It is the Spark.
This is a legendary deck of destruction {drawn: 1}.
You have drawn the Spark.
Press: ? - help, Shift-Dir - straight line, f/p - ancient champion
Aim: an ancient champion, wielding a battleaxe and wearing a dwarven chain mail (moving very quickly)
Okay, then.
The ancient champion casts a spell at you.
The orb of energy hits you!
You die...
Your body glows with a rainbow of weird colours and disappears.

....^.^## #..#
##.....#
........###≈#
#......#
........##.≈#
#......#
.......≈≈≈≈≈#
##..(...#
......≈..≈≈≈#
#.......#
......≈##.≈≈#
#.......#
#^....≈###≈≈##
##.......#
##...#≈# #≈≈.#
#........#
##.##≈#
#≈≈.###@.......#
####≈#
#.≈.W.z≈≈≈≈../.#
..#
####.≈≈###≈....#
# ##≈%# #≈#..##
#(≈# #≈#### ##≈#
#≈# #≈# #≈# #≈#
#≈# ≈.# #≈#


You could see an ancient champion and a shadow wraith (invisible).

Vanquished Creatures
  Saint Roka (Orc:4)
  Mara (D:22)
  Mennas (D:25)
  Jory (D:25)
  An electric golem (WizLab)
  Frederick (D:25)
  Nikola (D:18)
  2 tentacled monstrosities
  An Ice Fiend (IceCv)
  A storm dragon (D:26)
  3 liches
  2 sphinxes
  3 shadow dragons (Vaults:5)
  Rupert (D:14)
  Agnes (D:14)
  Kirke (Vaults:3)
  2 ancient champions
  A revenant (Crypt:2)
  4 tengu reavers
  4 deep elf sorcerers (Elf:3)
  Wiglaf (D:19)
  7 frost giants
  9 vault wardens
  Louise (D:19)
  A fire giant (Vaults:5)
  The ghost of oinker the Geomancer, a powerful GrEE of Okawaru (Orc:4)
  Jorgrun (Vaults:2)
  3 greater nagas (D:24)
  31 stone giants
  7 deep elf demonologists
  A vampire knight (Crypt:2)
  6 elemental wellsprings
  A green death (D:24)
  2 eidola (Crypt:4)
  5 deep elf annihilators
  Azrael (D:16)
  A white draconian (D:24)
  A merfolk impaler (D:24)
  Snorg (D:14)
  A minotaur (Lab)
  4 dragons
  6 deep elf death magi
  6 jiangshi
  24 vault guards (Vaults:5)
  A great orb of eyes (Vaults:4)
  11 ironheart preservers
  An ice dragon (shapeshifter) (D:20)
  2 deep elf high priests (Elf:3)
  Fannar (D:10)
  25 yaktaur captains
  4 ice dragons
  A ravenous item mimic (Vaults:5)
  A quicksilver dragon skeleton (Crypt:4)
  Harold (D:14)
  Josephine (D:10)
  20 hydras
  7 ettins
  2 merfolk aquamancers (D:24)
  Nessos (D:16)
  A spectral elf (Elf:3)
  12 dancing weapons (Blade)
  3 ravenous feature mimics
  Erica (Lair:4)
  4 deep troll earth magi
  11 death yaks
  5 anacondas
  4 alligators
  2 spriggan druids (D:26)
  7 deep troll shamans
  13 ogre magi
  A soul eater (Elf:3)
  2 plague shamblers
  A fire crab (shapeshifter) (Vaults:3)
  2 orc high priests
  5 vampire magi
  A fire crab (D:20)
  17 deep elf knights
  11 very ugly things
  2 storm dragon zombies
  3 unseen horrors
  3 hell knights (D:27)
  5 iron trolls
  29 centaur warriors
  Erolcha (D:8)
  2 shadow wraiths
  29 skeletal warriors
  3 catoblepae
  A death drake (shapeshifter) (D:25)
  3 giant orange brains
  An anaconda zombie (D:26)
  19 deep trolls
  6 flayed ghosts
  5 giant amoebae
  A wizard (D:20)
  9 swamp dragons
  An ice statue (IceCv)
  6 harpies
  10 ironbrand convokers
  6 ice devils
  A lindwurm (shapeshifter) (D:26)
  4 flaming corpses
  Pikel (D:8)
  4 necromancers
  A harpy (shapeshifter) (Elf:2)
  2 wolf spider zombies
  6 stone giant zombies
  12 hill giants
  2 lindwurms (D:24)
  A sixfirhy (Vaults:2)
  15 deep elf conjurers
  2 air elementals (Vaults:5)
  A statue (D:6)
  A frost giant zombie (Vaults:3)
  A hell beast (D:26)
  A moth of wrath (shapeshifter) (Vaults:5)
  2 red wasps
  6 wolf spiders
  10 griffons
  12 orc sorcerers
  3 guardian serpents
  3 sphinx skeletons
  2 guardian serpents (shapeshifter)
  8 phantasmal warriors
  Maurice (D:10)
  6 black mambas
  18 stone giant skeletons
  2 frost giant skeletons
  2 fire giant skeletons
  16 vault sentinels
  9 deep elf summoners
  8 spiny worms
  23 spiny frogs
  36 orc knights
  Psyche (D:9)
  An emperor scorpion zombie (Crypt:2)
  A dire elephant skeleton (Crypt:2)
  2 golden dragon simulacra (IceCv)
  13 komodo dragons
  An item mimic (Lair:7)
  8 cyclopes
  3 small abominations
  55 yaktaurs
  3 feature mimics
  2 naga zombies
  An anaconda simulacrum (IceCv)
  5 fire drakes
  Grinder (D:3)
  A komodo dragon (shapeshifter) (D:22)
  5 giant fireflies
  A spriggan (shapeshifter) (D:17)
  26 blink frogs
  2 blue devils (IceCv)
  2 hydra zombies
  3 iron troll skeletons
  2 spriggans (D:26)
  2 queen bees (shapeshifter)
  6 trolls
  18 deep elf priests
  5 polar bears
  A red wasp zombie (D:14)
  5 giant leeches
  A harpy zombie (D:18)
  3 phoenix simulacra (IceCv)
  A harpy skeleton (D:19)
  58 slime creatures
  17 two-headed ogres
  A baby alligator (shapeshifter) (Vaults:5)
  2 brown oozes (shapeshifter)
  6 ettin zombies
  2 griffon zombies
  A death drake skeleton (Crypt:2)
  8 bog bodies
  A trapdoor spider (D:18)
  11 boulder beetles
  2 tarantellas (D:23)
  8 shadows
  A dragon skeleton (Vaults:1)
  A grizzly bear (shapeshifter) (D:19)
  3 grizzly bears (D:26)
  A redback (shapeshifter) (Elf:2)
  8 basilisks
  A shapeshifter (Vaults:2)
  4 ettin skeletons
  8 flying skulls
  125 ugly things
  7 redbacks
  A stone giant simulacrum (Vaults:3)
  5 wyverns
  5 vampires
  A griffon skeleton (Crypt:1)
  26 deep elf magi
  A yak (shapeshifter) (Vaults:1)
  56 yaks
  4 hungry ghosts
  2 elephant slugs
  A basilisk (shapeshifter) (Vaults:2)
  A wraith (D:20)
  Eustachio (Orc:1)
  15 water elementals
  2 hill giant zombies
  A shark (D:24)
  A dire elephant simulacrum (IceCv)
  2 merfolk (shapeshifter)
  A golden eye (shapeshifter) (Vaults:5)
  63 vampire mosquitoes
  2 death yak simulacra (IceCv)
  13 hippogriffs
  A hill giant skeleton (D:14)
  33 swamp worms
  4 deep troll zombies
  2 harpy simulacra (IceCv)
  28 wolves
  5 hogs
  4 hydra simulacra (IceCv)
  4 iron troll simulacra
  38 deep elf fighters
  4 hell hounds
  2 manticores (shapeshifter)
  Menkaure (D:7)
  3 rock worms
  2 manticores
  12 freezing wraiths
  An orange crystal statue (Lair:1)
  5 humans
  4 deep troll skeletons
  2 mottled dragons
  2 phantoms
  66 orc warriors
  8 porcupines
  10 swamp drakes
  An ogre (shapeshifter) (Vaults:1)
  A gargoyle (D:19)
  2 yellow wasps
  A snapping turtle zombie (Crypt:1)
  A lost soul (Crypt:1)
  6 sky beasts
  A slave (D:8)
  2 dwarves (Orc:3)
  4 nagas
  2 black bears
  3 ettin simulacra (IceCv)
  13 crocodiles
  A rotting devil (D:12)
  4 spriggan simulacra (IceCv)
  52 ogres
  2 ice beasts
  A fire crab zombie (D:17)
  10 giant goldfish
  25 centaurs
  11 lava worms
  6 boring beetles
  A brain worm (D:16)
  12 wargs
  15 giant slugs
  2 big kobolds
  2 yaktaur zombies (Vaults:1)
  8 elf zombies (Elf:2)
  Blork the orc (D:6)
  A glowing shapeshifter simulacrum (D:21)
  2 silver statues (Lair:1)
  2 gnoll sergeants
  7 insubstantial wisps
  6 agate snails
  A water moccasin (shapeshifter) (Vaults:5)
  23 water moccasins
  27 giant frogs
  An earth elemental (WizLab)
  A wyvern zombie (D:10)
  A cyclops skeleton (D:16)
  8 wights
  3 jellyfish
  A yak zombie (D:10)
  3 boulder beetle zombies
  17 killer bees
  A grizzly bear skeleton (Crypt:1)
  A fire bat (Volcano)
  A rock worm zombie (D:12)
  8 electric eels
  9 crimson imps
  A goliath beetle (D:6)
  A boring beetle zombie (D:18)
  A quasit (Elf:3)
  6 lava snakes (D:25)
  3 jellies
  A wolf skeleton (Crypt:2)
  A centaur zombie (D:11)
  48 orc priests
  2 spiders
  A giant frog zombie (D:10)
  20 hounds
  A spider (shapeshifter) (D:23)
  34 orc wizards
  A giant frog skeleton (D:4)
  4 orange rats
  A two-headed ogre skeleton (D:10)
  10 iguanas
  5 scorpions
  A killer bee zombie (D:10)
  A porcupine zombie (Crypt:2)
  10 sheep
  A warg skeleton (Vaults:4)
  3 centaur simulacra (IceCv)
  A crocodile zombie (Crypt:1)
  A mottled dragon zombie (D:14)
  An ogre zombie (D:8)
  10 worker ants
  2 big kobold zombies
  Ijyb (D:6)
  5 boggarts (D:17)
  3 troll simulacra (IceCv)
  A mottled dragon skeleton (D:14)
  An ogre skeleton (D:7)
  Terence (D:2)
  2 hound skeletons
  25 gnolls
  29 adders
  6 giant centipedes
  A giant centipede (shapeshifter) (Vaults:1)
  62 green rats
  An ogre simulacrum (IceCv)
  A lemure (Vaults:3)
  2 shadow imps
  5 giant mites
  4 naga simulacra (IceCv)
  8 ufetubi
  7 white imps
  7 worms
  An electric eel zombie (Crypt:4)
  An adder skeleton (D:8)
  An iguana skeleton (Crypt:2)
  A sheep skeleton (Crypt:1)
  2 giant eyeballs
  9 giant geckos
  2 oozes
  232 orcs
  3 ball pythons
  18 bats
  7 giant cockroaches
  21 hobgoblins
  A human zombie (Crypt:4)
  21 jackals
  13 quokkas
  A ball python zombie (Crypt:1)
  A giant gecko skeleton (Crypt:3)
  A giant mite zombie (Crypt:4)
  2 giant newts
  A giant newt skeleton (D:4)
  A giant spore (D:11)
  A gnoll skeleton (Crypt:1)
  30 goblins
  2 goblin skeletons
  A goblin zombie (Crypt:2)
  A grey rat skeleton (Crypt:2)
  4 illusory rakshasas (Vaults:1)
  31 kobolds
  2 orc skeletons
  2 orc zombies (Vaults:4)
  21 rats
  A rat skeleton (D:4)
  8 ballistomycetes (D:11)
  3 crawling corpses
  A fungus (Elf:3)
  A macabre mass (Elf:3)
  2 plants
2715 creatures vanquished.

Vanquished Creatures (collateral kills)
  Norris (D:19)
  A bone dragon (D:24)
  A lich (D:24)
  A tentacled monstrosity (D:25)
  A titan (Vaults:5)
  2 shadow dragons
  A fire giant (D:26)
  A deep elf sorcerer (Vaults:5)
  3 vault wardens
  Aizul (D:19)
  Maud (Lair:5)
  2 stone giants
  A large abomination (Vaults:5)
  2 vault guards (Vaults:5)
  3 yaktaur captains (Vaults:3)
  2 ironheart preservers
  A merfolk aquamancer (D:24)
  An ice dragon (D:24)
  A hydra (D:16)
  2 ogre magi
  A deep troll shaman (D:26)
  A very ugly thing (D:25)
  A centaur warrior (Vaults:2)
  A rakshasa (Vaults:1)
  Urug (Orc:4)
  Nergalle (Orc:4)
  A skeletal warrior (Lair:1)
  A deep troll (Vaults:5)
  An unseen horror (shapeshifter) (Vaults:2)
  A flayed ghost (Crypt:1)
  A hill giant (D:10)
  A deep elf conjurer (Vaults:5)
  Joseph (D:8)
  An ironbrand convoker (Vaults:3)
  A phantasmal warrior (Vaults:2)
  An orc sorcerer (D:12)
  A cyclops (Vaults:1)
  A fire giant skeleton (Vaults:5)
  A black mamba (Lair:1)
  2 vapours (D:19)
  9 yaktaurs
  A naga mage (D:24)
  A troll (D:18)
  2 two-headed ogres
  A giant firefly (Vaults:2)
  6 ugly things
  A basilisk (Lair:1)
  A shadow (D:19)
  A vampire (D:18)
  Grum (D:9)
  9 vampire mosquitoes
  2 hogs (Lair:1)
  A soldier ant (Vaults:3)
  2 wolves
  A porcupine (Lair:1)
  A mottled dragon (Vaults:1)
  A necrophage (D:12)
  A black bear (Lair:1)
  9 orc warriors
  A yellow wasp (Lair:1)
  A centaur (D:16)
  4 ogres
  A crocodile (Lair:1)
  A giant slug (Lair:1)
  5 insubstantial wisps
  A giant frog (Lair:5)
  A boulder beetle zombie (Vaults:2)
  An orc priest (Orc:4)
  2 orc wizards
  4 sheep (D:18)
  9 orcs
  A goblin (D:24)
  A quokka (Lair:1)
  4 illusory rakshasas (Vaults:1)
  3 spectral orcs (Orc:4)
  2 crawling corpses (Vaults:5)
143 creatures vanquished.

Vanquished Creatures (others)
  2 Executioners
  A blizzard demon (Orc:4)
  6 chimeras
  An iron golem (Lair:1)
  A skeletal warrior (Orc:4)
  A deep troll (Vaults:3)
  A shadow demon (D:19)
  8 water elementals
  An elephant (D:25)
  15 fire elementals
  2 spiny frogs (D:25)
  4 vapours (Vaults:3)
  6 air elementals
  A yaktaur (D:24)
  2 polar bears (D:25)
  A giant firefly (Vaults:2)
  A komodo dragon (D:25)
  A redback (D:23)
  4 ugly things
  3 hippogriffs (Vaults:2)
  2 yaks (D:16)
  2 wolves (Lair:5)
  2 vampire mosquitoes (D:19)
  A slave (D:8)
  3 lost souls
  3 yellow wasps (Orc:4)
  3 orc warriors
  2 black bears
  An ogre (D:20)
  A tengu (shapeshifter) (Vaults:3)
  A boring beetle (D:25)
  A water moccasin (Lair:1)
  A warg (D:23)
  A human (D:9)
  3 insubstantial wisps
  A yak skeleton (D:9)
  An iron imp (Orc:4)
  2 quasits (Vaults:3)
  An orc wizard (D:23)
  2 orange rats
  7 sheep
  A shadow imp (Vaults:3)
  An ufetubus (Vaults:3)
  10 orcs
  A goblin (D:24)
  A crawling corpse (Elf:3)
  15 fungi
  19 plants
151 creatures vanquished.

Grand Total: 3009 creatures vanquished

Notes
Turn   | Place    | Note
--------------------------------------------------------------
     0 | D:1      | JacquesDerrida, the Kobold Enchanter, began the quest for the Orb.
     0 | D:1      | Reached XP level 1. HP: 10/10 MP: 3/3
   489 | D:1      | Reached XP level 2. HP: 15/15 MP: 4/4
   493 | D:1      | Learned a level 2 spell: Ensorcelled Hibernation
  1200 | D:2      | Reached XP level 3. HP: 19/19 MP: 5/5
  1318 | D:2      | Noticed Terence
  1342 | D:2      | Killed Terence
  1393 | D:2      | Reached skill level 4 in Hexes
  1409 | D:2      | Reached XP level 4. HP: 21/24 MP: 7/7
  1742 | D:2      | Found a blossoming altar of Fedhas.
  1997 | D:3      | Reached XP level 5. HP: 28/28 MP: 5/8
  2030 | D:3      | Learned a level 3 spell: Confuse
  2091 | D:3      | Noticed Grinder
  2105 | D:3      | Paralysed by Grinder for 5 turns
  2123 | D:3      | Killed Grinder
  2123 | D:3      | Reached skill level 5 in Hexes
  2123 | D:3      | Reached XP level 6. HP: 32/32 MP: 4/9
  2359 | D:3      | Reached skill level 6 in Hexes
  2795 | D:3      | Found a bloodstained altar of Trog.
  2899 | D:3      | Reached XP level 7. HP: 36/36 MP: 11/11
  3094 | D:4      | Found a staircase to the Ecumenical Temple.
  3167 | Temple   | Entered the Ecumenical Temple
  3444 | Temple   | Became a worshipper of Nemelex Xobeh
  3450 | Temple   | Received a gift from Nemelex Xobeh
  3821 | Temple   | Gained mutation: You are agile (Dex +1). [helix card]
  3825 | Temple   | Lost mutation: You are agile (Dex +1). [helix card]
  3825 | Temple   | Gained mutation: Your magical capacity is low (-10% MP). [helix card]
  3956 | D:3      | Gained mutation: You have sharp toenails. [potion of beneficial mutation]
  4135 | D:4      | Received a gift from Nemelex Xobeh
  4146 | D:4      | Acquired Nemelex Xobeh's first power
  4149 | D:4      | Received a gift from Nemelex Xobeh
  4151 | D:4      | Reached skill level 8 in Short Blades
  4151 | D:4      | Reached XP level 8. HP: 41/41 MP: 5/17
  4234 | D:4      | Noticed a reaper
  4518 | D:3      | Lost mutation: Your magical capacity is low (-10% MP). [helix card]
  4775 | D:3      | Lost mutation: You have sharp toenails. [a card of wild magic]
  4924 | D:2      | Reached skill level 10 in Dodging
  4924 | D:2      | Reached skill level 12 in Stealth
  4924 | D:2      | Reached XP level 9. HP: 45/45 MP: 20/20
  5343 | D:4      | Found an iron altar of Okawaru.
  5345 | D:4      | Found a snail-covered altar of Cheibriados.
  5350 | D:4      | Found a glowing silver altar of Zin.
  5350 | D:4      | Found a burning altar of Makhleb.
  5356 | D:4      | Found a glowing golden altar of the Shining One.
  5357 | D:4      | Found an ancient bone altar of Kikubaaqudgha.
  5520 | D:4      | Acquired Nemelex Xobeh's second power
  5840 | D:5      | Entered Level 5 of the Dungeon
  5956 | D:5      | Received a gift from Nemelex Xobeh
  6049 | D:5      | Found a sparkling altar of Nemelex Xobeh.
  6272 | D:5      | Reached skill level 1 in Necromancy
  6967 | D:6      | Found a staircase to the Orcish Mines.
  7073 | D:6      | Learned a level 4 spell: Cause Fear
  7108 | D:6      | Noticed a wizard statue
  7255 | D:6      | Acquired Nemelex Xobeh's third power
  7271 | D:6      | Reached skill level 1 in Long Blades
  7271 | D:6      | Reached XP level 10. HP: 50/50 MP: 2/21
  7543 | D:6      | Noticed Blork the orc
  7547 | D:6      | Killed Blork the orc
  7772 | D:6      | Noticed Ijyb
  7782 | D:6      | Killed Ijyb
  8051 | D:7      | Noticed Menkaure
  8074 | D:7      | Killed Menkaure
  8092 | D:7      | Received a gift from Nemelex Xobeh
  8607 | D:7      | Acquired Nemelex Xobeh's fourth power
  9419 | D:8      | Noticed Joseph
  9434 | D:8      | Killed Joseph
  9736 | D:8      | Noticed Pikel
  9757 | D:8      | Killed Pikel
  9907 | D:8      | Noticed Erolcha
 10082 | D:9      | Found an ancient bone altar of Kikubaaqudgha.
 10142 | D:9      | Noticed Grum
 10167 | D:9      | Killed Grum
 10172 | D:9      | Reached XP level 11. HP: 45/54 MP: 15/23
 10194 | D:9      | Acquired Nemelex Xobeh's fifth power
 10230 | D:9      | Reached skill level 5 in Spellcasting
 10256 | D:9      | Found a white marble altar of Elyvilon.
 10284 | D:9      | Noticed Psyche
 10293 | D:9      | Learned a level 6 spell: Invisibility
 10296 | D:9      | Killed Psyche
 10454 | D:9      | Found Zoxueh's Book Shop.
 10630 | D:9      | Received a gift from Nemelex Xobeh
 10730 | D:10     | Entered Level 10 of the Dungeon
 10818 | D:10     | Noticed Fannar
 10966 | D:10     | Killed Fannar
 11105 | D:10     | Noticed Maurice
 11127 | D:10     | Killed Maurice
 11402 | D:10     | Noticed Josephine
 11412 | D:10     | Killed Josephine
 11412 | D:10     | Reached skill level 10 in Hexes
 11422 | D:10     | Noticed a hill giant
 11439 | D:10     | Received a gift from Nemelex Xobeh
 11457 | D:10     | Killed a hill giant
 12250 | D:11     | Paralysed by a giant eyeball for 3 turns
 12734 | D:11     | Reached XP level 12. HP: 37/59 MP: 6/24
 13046 | D:11     | Found a staircase to the Lair.
 13268 | D:11     | Got a bronze leather armour
 13273 | D:11     | Identified the cursed +0 leather armour of the Vaults {+Blink +Fly rC+} (You found it on level 11 of the Dungeon)
 13367 | D:11     | Received a gift from Nemelex Xobeh
 13637 | Lair:1   | Entered Level 1 of the Lair of Beasts
 15197 | Lair:3   | Reached skill level 10 in Evocations
 15611 | Lair:3   | Noticed a five-headed hydra
 15619 | Lair:3   | Killed a five-headed hydra
 16029 | Lair:4   | Noticed a death yak
 16034 | Lair:4   | Noticed a death yak
 16035 | Lair:4   | Noticed a death yak
 16035 | Lair:4   | Noticed a death yak
 16036 | Lair:4   | Noticed a death yak
 16037 | Lair:4   | Noticed a death yak
 16038 | Lair:4   | Killed a death yak
 16041 | Lair:4   | Killed a death yak
 16041 | Lair:4   | Reached XP level 13. HP: 63/68 MP: 23/28
 16044 | Lair:4   | Killed a death yak
 16046 | Lair:4   | Killed a death yak
 16046 | Lair:4   | Reached skill level 5 in Fighting
 16048 | Lair:4   | Killed a death yak
 16050 | Lair:4   | Killed a death yak
 16260 | Lair:4   | Reached skill level 13 in Short Blades
 16260 | Lair:4   | Reached XP level 14. HP: 76/76 MP: 24/29
 16564 | Lair:4   | Noticed Erica
 16577 | Lair:4   | Killed Erica
 16598 | Lair:4   | Got a warped copper amulet
 16608 | Lair:4   | Identified the amulet of Akookutz {Gourm rC+ rN+} (You found it on level 4 of the Lair of Beasts)
 16628 | Lair:4   | Received a gift from Nemelex Xobeh
 17213 | Lair:5   | Found a staircase to the Snake Pit.
 17391 | Lair:5   | Learned a level 5 spell: Silence
 17395 | Lair:5   | Learned a level 3 spell: Flight
 17603 | Lair:5   | Noticed Maud
 18042 | Lair:5   | Killed Maud
 18381 | Lair:6   | Found a dark tunnel.
 18390 | Volcano  | Entered a volcano
 18435 | Volcano  | Received a gift from Nemelex Xobeh
 18847 | Lair:6   | Found a staircase to the Swamp.
 18931 | Lair:6   | Reached skill level 1 in Charms
 19264 | Lair:6   | Reached skill level 1 in Armour
 21810 | Lair:8   | Entered Level 8 of the Lair of Beasts
 21895 | Lair:8   | Received a gift from Nemelex Xobeh
 22018 | Lair:8   | Found a staircase to the Slime Pits.
 22061 | Lair:8   | Found a viscous altar of Jiyva.
 22089 | Lair:8   | Reached XP level 15. HP: 80/80 MP: 27/30
 22103 | Lair:8   | Got an ichor-stained long sword
 22110 | Lair:8   | Identified the +5,+9 long sword "Kiafeav" {holy, MR+} (You found it on level 8 of the Lair of Beasts)
 22315 | Lair:8   | Reached skill level 5 in Armour
 22318 | Lair:8   | Reached skill level 5 in Charms
 22430 | Lair:8   | Received a gift from Nemelex Xobeh
 24691 | D:6      | Killed a wizard statue
 24693 | D:6      | Got a brightly glowing falchion
 24694 | D:6      | Identified the cursed falchion "Uxeunwen" {freeze, rN+} (You found it on level 6 of the Dungeon)
 24741 | Orc:1    | Entered Level 1 of the Orcish Mines
 25018 | Orc:1    | Noticed Eustachio
 25025 | Orc:1    | Killed Eustachio
 25672 | Orc:2    | Received a gift from Nemelex Xobeh
 26360 | Orc:3    | Received a gift from Nemelex Xobeh
 26379 | Orc:3    | Found a roughly hewn altar of Beogh.
 26671 | Orc:4    | Entered Level 4 of the Orcish Mines
 27456 | Orc:4    | Noticed oinker's ghost (powerful GrEE)
 27579 | Orc:4    | Killed oinker's ghost
 27732 | Orc:4    | Noticed Urug
 27738 | Orc:4    | Noticed Nergalle
 28006 | Orc:4    | Killed Nergalle
 28027 | Orc:4    | Killed Urug
 28435 | Orc:4    | Noticed Saint Roka
 28484 | Orc:4    | Received a gift from Nemelex Xobeh
 28510 | Orc:4    | Received a gift from Nemelex Xobeh
 28553 | Orc:4    | Received a gift from Nemelex Xobeh
 28600 | Orc:4    | Killed Saint Roka
 28600 | Orc:4    | Reached XP level 16. HP: 41/86 MP: 31/31
 28784 | Orc:4    | Found a roughly hewn altar of Beogh.
 29045 | Orc:4    | Found Stroabuis' Antique Weapon Shop.
 29078 | Orc:4    | Found Qiunleah's Jewellery Shop.
 29093 | Orc:4    | Bought a cursed ring of hunger for 28 gold pieces
 29104 | Orc:4    | Found Sena's Antique Armour Shop.
 29111 | Orc:4    | Bought a glowing helmet for 87 gold pieces
 29123 | Orc:4    | Found Jagim's General Store.
 29723 | D:12     | Found Keebbig's Distillery.
 29879 | D:12     | Received a gift from Nemelex Xobeh
 30025 | D:12     | Waterpls: обожаю немелекса
 30025 | D:12     | JacquesDerrida: Это правильно
 30025 | D:12     | JacquesDerrida: Еще бы колоду таро
 30025 | D:12     | JacquesDerrida: И каббала была бы близко!
 30063 | D:12     | Waterpls: дао дэ цзин
 30336 | D:12     | JacquesDerrida: Я знаю, что я не знаю дао
 30336 | D:12     | JacquesDerrida: Аристотель!
 30374 | D:12     | Paralysed by an orc sorcerer for 3 turns
 30396 | D:12     | Found a roughly hewn altar of Beogh.
 30672 | D:12     | Received a gift from Nemelex Xobeh
 30895 | D:12     | Found Kimm's Assorted Antiques.
 31705 | D:13     | JacquesDerrida: Уровней пять через карты получил
 31705 | D:13     | JacquesDerrida: Самой первой колодой дал легендарные чудеса
 31705 | D:13     | JacquesDerrida: И потом еще кучку
 31705 | D:13     | Waterpls: нормально
 31705 | D:13     | JacquesDerrida: За то что первую всю вытащил
 31705 | D:13     | Waterpls: я к V4 был 27
 31705 | D:13     | JacquesDerrida: сто мильонов вайлд межиков
 31705 | D:13     | Waterpls: в последней игре
 31705 | D:13     | JacquesDerrida: Микроменеджмент!
 31705 | D:13     | JacquesDerrida: больше давить з
 31994 | D:13     | Found an iron altar of Okawaru.
 32057 | D:14     | Entered Level 14 of the Dungeon
 32065 | D:14     | Got an ancient golden ring
 32066 | D:14     | Identified the ring of Ucatuwkuywk {AC+3 Int-5} (You found it on level 14 of the Dungeon)
 32067 | D:14     | Waterpls: единственная проблема с немелексом
 32067 | D:14     | Waterpls: это ограничение в 52 слота под вещи
 32067 | D:14     | JacquesDerrida: укатувкювк
 32067 | D:14     | JacquesDerrida: Да
 32067 | D:14     | JacquesDerrida: Так уж выходит, что немелексер часто еще и эвокатор
 32069 | D:14     | Noticed Harold
 32122 | D:14     | Killed Harold
 32194 | D:14     | JacquesDerrida: оказуалили!
 32194 | D:14     | JacquesDerrida: И блоуган можно
 32195 | D:14     | JacquesDerrida: блин(((
 32221 | D:14     | Received a gift from Nemelex Xobeh
 32291 | D:14     | Noticed Rupert
 32318 | D:14     | Received a gift from Nemelex Xobeh
 32319 | D:14     | Killed Rupert
 32679 | D:14     | Noticed Agnes
 32706 | D:14     | Noticed Snorg
 32713 | D:14     | Killed Snorg
 32725 | D:14     | Reached skill level 5 in Throwing
 32744 | D:14     | Killed Agnes
 32773 | D:14     | Received a gift from Nemelex Xobeh
 33104 | D:15     | Entered Level 15 of the Dungeon
 33342 | D:15     | Got an ichor-stained leather armour
 33344 | D:15     | Identified the +0 leather armour of Levity {rElec rC+} (You found it on level 15 of the Dungeon)
 33599 | D:15     | Learned a level 2 spell: Swiftness
 33606 | D:15     | Learned a level 6 spell: Haste
 33751 | D:16     | Noticed Nessos
 33771 | D:16     | Killed Nessos
 33942 | D:16     | Received a gift from Nemelex Xobeh
 34601 | D:16     | Reached skill level 10 in Charms
 34610 | D:16     | Reached XP level 17. HP: 91/91 MP: 26/32
 34813 | D:16     | Noticed Azrael
 34825 | D:16     | Killed Azrael
 35338 | D:17     | Found a staircase to the Vaults.
 35526 | D:17     | Reached skill level 10 in Throwing
 35534 | D:17     | Got a steaming ring mail
 35535 | D:17     | Identified the +1 ring mail of the Lost Path {Str+1 Dex+3 Int+2} (You found it on level 17 of the Dungeon)
 35665 | D:17     | Received a gift from Nemelex Xobeh
 37693 | D:18     | Noticed Nikola
 37800 | D:18     | Killed Nikola
 37852 | D:18     | Gained mutation: You are dopey (Int -1). [mutagenic glow]
 38502 | D:18     | Found a glowing silver altar of Zin.
 38905 | D:18     | Received a gift from Nemelex Xobeh
 39117 | D:19     | Noticed Wiglaf
 39147 | D:19     | Killed Wiglaf
 39281 | D:19     | Noticed Norris
 39301 | D:19     | Received a gift from Nemelex Xobeh
 39340 | D:19     | Killed Norris
 39341 | D:19     | Received a gift from Nemelex Xobeh
 39346 | D:19     | HP: 3/94 [vapour/bolt of lightning[the player character] (24)]
 39757 | D:19     | Noticed Aizul
 39768 | D:19     | Killed Aizul
 40061 | D:19     | Noticed Louise
 40088 | D:19     | Killed Louise
 40255 | D:19     | Reached XP level 18. HP: 99/101 MP: 30/33
 40331 | D:19     | Learned a level 1 spell: Apportation
 40418 | D:20     | Entered Level 20 of the Dungeon
 40865 | Snake:1  | Entered Level 1 of the Snake Pit
 40903 | Snake:1  | Found an ancient bone altar of Kikubaaqudgha.
 41536 | Lair:1   | Learned a level 2 spell: Blink
 41697 | Vaults:1 | Entered Level 1 of the Vaults
 42120 | Vaults:1 | Found Wukhliuc's Jewellery Emporium.
 42180 | Vaults:1 | Upgraded the game from 0.13-a0-2733-g5d3b754 to 0.13-a0-2739-gace2dc1
 42507 | Vaults:1 | Received a gift from Nemelex Xobeh
 42822 | Vaults:1 | Reached skill level 14 in Dodging
 43013 | Vaults:1 | Received a gift from Nemelex Xobeh
 44827 | Vaults:2 | Found Kouzan Thram's Food Boutique.
 44879 | Vaults:2 | Received a gift from Nemelex Xobeh
 45922 | Vaults:2 | Reached skill level 1 in Translocations
 46471 | Vaults:2 | Noticed Jorgrun
 46501 | Vaults:2 | Received a gift from Nemelex Xobeh
 46527 | Vaults:2 | Killed Jorgrun
 46960 | Vaults:2 | Found an iron altar of Okawaru.
 47109 | Vaults:2 | Reached XP level 19. HP: 59/106 MP: 24/34
 47767 | Vaults:3 | Found a staircase to the Crypt.
 48372 | Vaults:3 | Identified Thuissod's Handbook of the Supportive Traveller
 48499 | Vaults:3 | Noticed Kirke
 48672 | Vaults:3 | Received a gift from Nemelex Xobeh
 48675 | Vaults:3 | Reached skill level 15 in Evocations
 48773 | Crypt:1  | Entered Level 1 of the Crypt
 49807 | Crypt:1  | Received a gift from Nemelex Xobeh
 50157 | Vaults:3 | Received a gift from Nemelex Xobeh
 50188 | Vaults:3 | Reached skill level 16 in Evocations
 50199 | Vaults:3 | Killed Kirke
 50319 | Vaults:3 | Received a gift from Nemelex Xobeh
 50321 | Vaults:3 | XOM: enchant monster (good)
 50674 | Vaults:3 | Received a gift from Nemelex Xobeh
 51191 | Vaults:3 | Got a twisted plate armour
 51192 | Vaults:3 | Identified the +4 plate armour "Netety" {rF+ rC+} (You found it on level 3 of the Vaults)
 51849 | Vaults:3 | Found a portal to a secret trove of treasure.
 52127 | Vaults:3 | Reached skill level 17 in Evocations
 52539 | Vaults:3 | Received a gift from Nemelex Xobeh
 52577 | Vaults:4 | Found a staircase to the Hall of Blades.
 52629 | Vaults:4 | Found a flickering gateway to a bazaar.
 52641 | Bazaar   | Entered a bazaar
 52655 | Bazaar   | Found Uliv's Antique Armour Shoppe.
 52676 | Bazaar   | Bought a wizard robe for 91 gold pieces
 52701 | Bazaar   | Found Qotyeh's Weapon Emporium.
 52701 | Bazaar   | Found Piquuzoiqi's Magic Scroll Shoppe.
 52767 | Bazaar   | Identified the cursed -4 robe of Beauty {+Fly} (You bought it in a shop in a bazaar)
 52778 | Bazaar   | Bought 2 scrolls of remove curse for 66 gold pieces
 52778 | Bazaar   | Bought a scroll of identify for 22 gold pieces
 52778 | Bazaar   | Bought a scroll of identify for 22 gold pieces
 52778 | Bazaar   | Bought a scroll of identify for 22 gold pieces
 53138 | Blade    | Entered the Hall of Blades
 53306 | Blade    | Reached skill level 18 in Evocations
 53386 | Blade    | Cast into the Abyss (a distortion unwield)
 53386 | Abyss:1  | Found a corrupted altar of Lugonu.
 53407 | Abyss:1  | Found a corrupted altar of Lugonu.
 53446 | Abyss:1  | Found a deep blue altar of Sif Muna.
 53506 | Blade    | Escaped the Abyss
 53622 | Blade    | Noticed Sojobo
 54132 | Vaults:2 | Received a gift from Nemelex Xobeh
 54197 | Vaults:1 | Bought the ring of Criodd {Str+2 Int+2 Dam+5} for 1757 gold pieces
 54202 | Vaults:1 | Bought a cursed amulet of inaccuracy for 38 gold pieces
 54747 | D:8      | Killed Erolcha
 54747 | D:8      | Reached XP level 20. HP: 112/112 MP: 37/37
 55734 | Orc:3    | Found a staircase to the Elven Halls.
 55903 | Orc:3    | Found an iron altar of Okawaru.
 55973 | Elf:1    | Entered Level 1 of the Elven Halls
 56086 | Elf:1    | Received a gift from Nemelex Xobeh
 56180 | Elf:1    | Found Shakuic's Magic Scroll Boutique.
 56192 | Elf:1    | Bought a scroll of enchant weapon II for 93 gold pieces
 56459 | Elf:1    | Reached skill level 19 in Evocations
 56582 | Elf:1    | Received a gift from Nemelex Xobeh
 56806 | Elf:1    | Found a frozen archway.
 56881 | IceCv    | Entered an ice cave
 58067 | IceCv    | Reached skill level 10 in Fighting
 58728 | Elf:2    | Reached skill level 1 in Air Magic
 59086 | Elf:2    | Identified Zeak's Incunabulum of Necromancy
 59095 | Elf:2    | Learned a level 5 spell: Twisted Resurrection
 59342 | Elf:2    | Found Aroigoc's Weapon Shoppe.
 59741 | Elf:3    | Entered Level 3 of the Elven Halls
 59818 | Elf:3    | Received a gift from Nemelex Xobeh
 59830 | Elf:3    | Found Goavaoc's Weapon Shoppe.
 60058 | Elf:3    | Reached skill level 1 in Shields
 60308 | Elf:3    | Got an ancient ring mail
 60310 | Elf:3    | Identified the +5 ring mail of Eternal Night {Dex-3 Int+3 Curse} (You found it on level 3 of the Elven Halls)
 60930 | Lair:1   | Learned a level 3 spell: Mephitic Cloud
 62084 | Elf:3    | Reached skill level 5 in Shields
 62470 | Elf:3    | Reached XP level 21. HP: 119/119 MP: 35/38
 62511 | Elf:3    | Received a gift from Nemelex Xobeh
 62818 | Elf:3    | Got a creamy pearl robe
 62819 | Elf:3    | Identified the +0 robe of Noon {rC+ MR+ Str-1 SInv} (You found it on level 3 of the Elven Halls)
 62831 | Elf:3    | Identified a -1 rod of the swarm (11/11) (You found it on level 3 of the Elven Halls)
 62892 | Elf:3    | Received a gift from Nemelex Xobeh
 64385 | Orc:4    | Bought a sausage for 18 gold pieces
 64992 | Vaults:2 | Bought a bread ration for 48 gold pieces
 64992 | Vaults:2 | Bought a bread ration for 48 gold pieces
 64992 | Vaults:2 | Bought a bread ration for 48 gold pieces
 64992 | Vaults:2 | Bought a meat ration for 48 gold pieces
 64992 | Vaults:2 | Bought a bread ration for 48 gold pieces
 64992 | Vaults:2 | Bought a pear for 9 gold pieces
 64992 | Vaults:2 | Bought a meat ration for 48 gold pieces
 64992 | Vaults:2 | Bought a bread ration for 48 gold pieces
 64992 | Vaults:2 | Bought a choko for 4 gold pieces
 64992 | Vaults:2 | Bought an apple for 9 gold pieces
 65906 | Lair:1   | Reached skill level 10 in Spellcasting
 65921 | Lair:1   | Received a gift from Nemelex Xobeh
 65967 | Lair:1   | Received a gift from Nemelex Xobeh
 65992 | Lair:1   | Received a gift from Nemelex Xobeh
 66084 | Lair:1   | Received a gift from Nemelex Xobeh
 66138 | Lair:1   | Received a gift from Nemelex Xobeh
 66151 | Lair:1   | Received a gift from Nemelex Xobeh
 66204 | Lair:1   | Received a gift from Nemelex Xobeh
 66214 | Lair:1   | Received a gift from Nemelex Xobeh
 66307 | Lair:1   | Received a gift from Nemelex Xobeh
 66327 | D:11     | Gained mutation: Space occasionally distorts in your vicinity. [mutagenic glow]
 66482 | Lair:1   | Received a gift from Nemelex Xobeh
 66518 | Lair:1   | Received a gift from Nemelex Xobeh
 66571 | Lair:1   | Received a gift from Nemelex Xobeh
 66585 | Lair:1   | Received a gift from Nemelex Xobeh
 66595 | Lair:1   | Received a gift from Nemelex Xobeh
 66605 | Lair:1   | Received a gift from Nemelex Xobeh
 66655 | Lair:1   | Received a gift from Nemelex Xobeh
 66865 | Lair:1   | Received a gift from Nemelex Xobeh
 66877 | Lair:1   | Received a gift from Nemelex Xobeh
 66938 | Lair:1   | Received a gift from Nemelex Xobeh
 67054 | Lair:1   | Received a gift from Nemelex Xobeh
 67066 | Lair:1   | Received a gift from Nemelex Xobeh
 67100 | Lair:1   | Received a gift from Nemelex Xobeh
 67125 | Lair:1   | Received a gift from Nemelex Xobeh
 67135 | Lair:1   | Received a gift from Nemelex Xobeh
 67146 | Lair:1   | Received a gift from Nemelex Xobeh
 67259 | Lair:1   | Received a gift from Nemelex Xobeh
 67272 | Lair:1   | Received a gift from Nemelex Xobeh
 67312 | Lair:1   | Lost mutation: You are dopey (Int -1). [potion of cure mutation]
 67312 | Lair:1   | Lost mutation: Space occasionally distorts in your vicinity. [potion of cure mutation]
 67335 | Lab      | Entered a labyrinth
 68081 | Lab      | Got a warped chain mail
 68083 | Lab      | Identified the +2 chain mail "Bluxkagu" {Stlth++} (You found it in a labyrinth)
 68089 | Lab      | Received a gift from Nemelex Xobeh
 68173 | Lair:1   | Received a gift from Nemelex Xobeh
 68204 | Lair:1   | Received a gift from Nemelex Xobeh
 68332 | Lair:1   | Received a gift from Nemelex Xobeh
 68350 | Lair:1   | Received a gift from Nemelex Xobeh
 68358 | Lair:1   | Reached XP level 22. HP: 120/120 MP: 39/39
 69857 | D:21     | Found a gateway to Hell.
 69862 | D:21     | Reached skill level 1 in Maces & Flails
 70250 | D:21     | Learned a level 4 spell: Control Teleport
 70313 | D:21     | Found a one-way gate to the infinite horrors of the Abyss.
 71125 | D:22     | Noticed Mara
 71133 | D:22     | Killed Mara
 72129 | D:23     | Reached skill level 5 in Maces & Flails
 72343 | D:23     | Learned a level 6 spell: Mass Confusion
 72343 | D:23     | Received a gift from Nemelex Xobeh
 72375 | Bailey   | Entered a bailey
 72559 | Bailey   | Reached skill level 15 in Stealth
 72559 | Bailey   | Reached XP level 23. HP: 111/126 MP: 40/40
 72726 | D:23     | Received a gift from Nemelex Xobeh
 73677 | D:24     | Found a one-way gate leading to the halls of Pandemonium.
 74101 | D:24     | Reached XP level 24. HP: 51/132 MP: 38/41
 75119 | D:24     | Received a gift from Nemelex Xobeh
 76804 | D:24     | Received a gift from Nemelex Xobeh
 76838 | D:24     | Got a warped ring mail
 76839 | D:24     | Identified the +1 ring mail "Jast" {Str+4 Dex-2} (You found it on level 24 of the Dungeon)
 77089 | D:25     | Entered Level 25 of the Dungeon
 77311 | D:25     | Reached skill level 10 in Maces & Flails
 77401 | D:25     | Noticed Jory
 77436 | D:25     | Killed Jory
 77436 | D:25     | Received a gift from Nemelex Xobeh
 77771 | D:25     | Noticed Mennas
 77809 | D:25     | Received a gift from Nemelex Xobeh
 77841 | D:25     | Killed Mennas
 77862 | D:25     | Upgraded the game from 0.13-a0-2739-gace2dc1 to 0.13-a0-2749-g2ed80a3
 79835 | D:26     | Reached XP level 25. HP: 127/131 MP: 37/41
 80305 | D:25     | Noticed Frederick
 80346 | D:25     | Killed Frederick
 82118 | D:26     | Received a gift from Nemelex Xobeh
 82837 | D:27     | Entered Level 27 of the Dungeon
 82904 | D:27     | Found Lirer's Distillery.
 82915 | D:27     | Bought a potion of heal wounds for 36 gold pieces
 83038 | D:27     | Received a gift from Nemelex Xobeh
 83218 | D:26     | Upgraded the game from 0.13-a0-2749-g2ed80a3 to 0.13-a0-2772-g9cbdda8
 83227 | D:26     | Reached skill level 10 in Armour
 84926 | Vaults:4 | Received a gift from Nemelex Xobeh
 85309 | Vaults:4 | Upgraded the game from 0.13-a0-2772-g9cbdda8 to 0.13-a0-2776-g5b28ffd
 85836 | Vaults:4 | Received a gift from Nemelex Xobeh
 85961 | Vaults:4 | Reached skill level 15 in Dodging
 86345 | Vaults:5 | Entered Level 5 of the Vaults
 86351 | Vaults:5 | Received a gift from Nemelex Xobeh
 86357 | Vaults:5 | Reached XP level 26. HP: 90/137 MP: 30/42
 86904 | Vaults:5 | Received a gift from Nemelex Xobeh
 86996 | Vaults:5 | Reached skill level 20 in Evocations
 87399 | Vaults:5 | Received a gift from Nemelex Xobeh
 87681 | Vaults:5 | Got a glittering brass ring
 87684 | Vaults:5 | Identified the ring "Klaub" {Str-2 Dex+3 Acc+4 Dam+5} (You found it on level 5 of the Vaults)
 88070 | Vaults:5 | Reached skill level 5 in Air Magic
 88372 | Vaults:5 | Identified the Almanac of Dusty Transmigration (You found it on level 5 of the Vaults)
 88376 | Vaults:5 | Got an ancient plate armour
 88377 | Vaults:5 | Identified the +8 plate armour "Ucleul" {Dex+4 Int+4} (You found it on level 5 of the Vaults)
 88381 | Vaults:5 | Received a gift from Nemelex Xobeh
 88459 | Vaults:5 | Found Fiukil's Magic Scroll Boutique.
 88906 | Vaults:5 | Found Qoiso's Magic Scroll Boutique.
 88910 | Vaults:5 | Bought a scroll of enchant armour for 71 gold pieces
 88919 | Vaults:5 | Got a silver rune of Zot
 88954 | Vaults:5 | Found Otainob's Distillery.
 89013 | Vaults:5 | Bought a potion of heal wounds for 39 gold pieces
 89013 | Vaults:5 | Bought 2 potions of curing for 52 gold pieces
 89013 | Vaults:5 | Bought 2 potions of curing for 52 gold pieces
 89034 | Vaults:5 | Bought a scroll of identify for 26 gold pieces
 89034 | Vaults:5 | Bought a scroll of identify for 26 gold pieces
 89034 | Vaults:5 | Bought a scroll of identify for 26 gold pieces
 89056 | Vaults:5 | Bought a scroll of blinking for 121 gold pieces
 89056 | Vaults:5 | Bought a scroll of identify for 44 gold pieces
 89509 | D:12     | Bought a scroll of blinking for 115 gold pieces
 89509 | D:12     | Bought a scroll of blinking for 115 gold pieces
 89840 | Trove    | Entered a treasure trove
 89866 | Trove    | Got an ancient sapphire amulet
 89868 | Trove    | Got a steaming robe
 89887 | Trove    | Identified the +0 robe of the Hart {rElec Acc+4} (You found it in a treasure trove)
 89889 | Trove    | Identified the amulet of Ilaplu {Faith Dex+3 Int+2} (You found it in a treasure trove)
 89901 | Trove    | Received a gift from Nemelex Xobeh
 90563 | Vaults:5 | Received a gift from Nemelex Xobeh
 91220 | Vaults:5 | Received a gift from Nemelex Xobeh
 91724 | Vaults:5 | Got a polished helmet
 91729 | Vaults:5 | Identified the cursed -3 helmet "Defoquyth" {rPois} (You found it on level 5 of the Vaults)
 91741 | Vaults:5 | Got a dazzling plate armour
 91752 | Vaults:5 | Received a gift from Nemelex Xobeh
 92374 | Swamp:1  | Entered Level 1 of the Swamp
 92387 | Swamp:1  | Got a faintly glowing flail
 92389 | Swamp:1  | Identified the flail of the Shoals {vamp, Str+4} (You found it on level 1 of the Swamp)
 93610 | Swamp:4  | Noticed Roxanne
 93748 | Swamp:4  | Upgraded the game from 0.13-a0-2776-g5b28ffd to 0.13-a0-2808-gda3a3b1
 94736 | Swamp:5  | Entered Level 5 of the Swamp
 95066 | Swamp:5  | Reached XP level 27. HP: 144/144 MP: 40/42
 95104 | Swamp:5  | Got a decaying rune of Zot
 95381 | Swamp:5  | Vidiiot: dragon mask.
 95383 | Swamp:5  | Vidiiot: nice.
 95395 | Swamp:5  | JacquesDerrida: Still don't see why I need this
 95395 | Swamp:5  | JacquesDerrida: short blades are bad
 95723 | Lair:2   | Vidiiot: Depends on the brand ;p
 95753 | Lair:1   | JacquesDerrida: Flame should be nice
 95753 | Lair:1   | JacquesDerrida: But I don't really think so D:
 95753 | Lair:1   | JacquesDerrida: Aiming for demon whips
 95983 | Vaults:1 | Bought an uncursed ring of poison resistance for 380 gold pieces
 96339 | Crypt:1  | Vidiiot: Nice
 96340 | Crypt:1  | Vidiiot: Whats the next plan for you?
 96394 | Crypt:1  | JacquesDerrida: Maybe ctrl+q when it becomes too much boring
 96394 | Crypt:1  | JacquesDerrida: I do this a lot
 97099 | Lair:1   | Learned a level 6 spell: Deflect Missiles
 97498 | Crypt:2  | JacquesDerrida: Necromantic energies suffuse and reknit the skeletal warrior!
 97498 | Crypt:2  | JacquesDerrida: Hmm
 97631 | Crypt:2  | Upgraded the game from 0.13-a0-2808-gda3a3b1 to 0.13-a0-2816-gd8154f0
 99094 | Crypt:3  | Found a magical portal.
 99104 | WizLab   | Entered a wizard's laboratory
 99406 | WizLab   | Got a creamy pearl robe
 99429 | WizLab   | Received a gift from Nemelex Xobeh
 99489 | WizLab   | Received a gift from Nemelex Xobeh
100583 | Crypt:4  | Killed from afar by an ancient champion

Action                   |  1- 3 |  4- 6 |  7- 9 | 10-12 | 13-15 | 16-18 | 19-21 | 22-24 | 25-27 || total
-------------------------+-------+-------+-------+-------+-------+-------+-------+-------+-------++-------
Melee: Dagger            |    65 |       |    12 |   363 |  1025 |  1291 |   412 |       |       ||  3168
       Short sword       |    44 |   109 |   146 |   227 |       |       |       |       |       ||   526
       Sabre             |       |       |       |       |       |    53 |       |       |       ||    53
       Quick blade       |       |       |       |       |       |       |  1009 |  1229 |  1608 ||  3846
       Flail             |       |       |       |       |       |       |       |       |   144 ||   144
       Unarmed           |       |       |       |       |       |       |       |       |    11 ||    11
 Fire: Blowgun           |       |       |       |       |       |    12 |       |       |     3 ||    15
Throw: Dagger            |       |       |       |     1 |       |       |       |       |       ||     1
 Cast: Ensorcelled Hiber |     3 |     8 |    15 |    76 |   230 |   142 |    32 |    43 |    85 ||   634
       Confuse           |       |     3 |    40 |    79 |    53 |   241 |   130 |   161 |   210 ||   917
       Invisibility      |       |       |       |     9 |    26 |    47 |    34 |    32 |    36 ||   184
       Cause Fear        |       |       |       |     1 |       |     1 |       |       |       ||     2
       Flight            |       |       |       |       |     4 |     2 |    34 |    10 |    40 ||    90
       Silence           |       |       |       |       |     1 |     1 |    15 |     2 |     4 ||    23
       Haste             |       |       |       |       |       |     4 |     4 |     2 |     8 ||    18
       Swiftness         |       |       |       |       |       |     2 |    13 |     4 |     7 ||    26
       Blink             |       |       |       |       |       |       |     1 |       |     4 ||     5
       Mephitic Cloud    |       |       |       |       |       |       |     3 |       |       ||     3
       Twisted Resurrect |       |       |       |       |       |       |     3 |       |       ||     3
       Control Teleport  |       |       |       |       |       |       |       |       |     3 ||     3
       Deflect Missiles  |       |       |       |       |       |       |       |       |     1 ||     1
Invok: Draw One          |       |       |     2 |     5 |     9 |    27 |    24 |    13 |    12 ||    92
       Triple Draw       |       |       |       |       |     4 |     2 |    21 |     3 |       ||    30
 Abil: End Transformatio |       |       |       |       |       |       |     2 |       |       ||     2
Evoke: Deck              |       |       |    31 |     5 |    32 |    30 |   322 |    34 |    54 ||   508
       Wand              |       |       |       |     5 |    11 |    11 |    21 |     6 |    11 ||    65
       Miscellaneous     |       |       |       |       |     2 |     4 |     2 |     8 |    29 ||    45
  Use: Potion            |       |     2 |     7 |     2 |    21 |     7 |     5 |     4 |     9 ||    57
       Scroll            |       |     1 |     6 |    19 |    20 |    18 |    24 |    10 |    23 ||   121
 Stab: Sleeping          |     9 |     8 |    27 |   125 |   265 |   234 |   139 |   150 |   184 ||  1141
       Distracted        |       |     1 |       |     3 |     3 |     5 |     9 |    11 |    13 ||    45
       Confused          |       |       |    17 |    42 |    24 |   115 |    53 |    58 |    84 ||   393
       Invisible         |       |       |       |    23 |    70 |   110 |    54 |    99 |    76 ||   432
       Paralysed         |       |       |       |       |     1 |       |       |       |       ||     1
       Fleeing           |       |       |       |       |       |       |     1 |       |       ||     1
       Petrifying        |       |       |       |       |       |       |       |     1 |       ||     1
